 Dungeon Crawl Stone Soup version 0.17.2-1-ge4368a0 (webtiles) character file.

1679 Rottenbandages the Skirmisher (level 8, -4/67 HPs)
             Began as a Mummy Monk on Oct 26, 2017.
             Slain by Prince Ribbit (13 damage)
             ... on level 7 of the Dungeon.
             The game lasted 00:25:05 (18892 turns).

Rottenbandages the Skirmisher (Mummy Monk)         Turns: 18892, Time: 00:25:05

Health: -4/67      AC:  0    Str: 14    XL:     8   Next: 70%
Magic:  8/8        EV: 15    Int:  9    God:
Gold:   314        SH:  0    Dex: 17    Spells: 0 memorised, 7 levels left

rFire  . . .     SeeInvis +       - Unarmed
rCold  + . .     Clarity  .     (no armour)
rNeg   + + +     SustAt   .     (no shield)
rPois  ∞         Gourm    .     (no helmet)
rElec  .         Spirit   .     (no cloak)
rCorr  .         Warding  .     (no gloves)
rMut   .         Stasis   .     (no boots)
MR     +....                    (no amulet)
Stlth  ++........               g - ring of protection from fire
                                k - ring of see invisible

@: somewhat resistant to hostile enchantments, unstealthy
A: no food or potions, fire vulnerability, cold resistance 1, negative energy
resistance 3, torment resistance, unbreathing
a: no special abilities


You were on level 7 of the Dungeon.
You were not hungry.

You visited 2 branches of the dungeon, and saw 8 of its levels.

You collected 314 gold pieces.


Innate Abilities, Weirdness & Mutations

You do not eat or drink.
Your flesh is vulnerable to fire.
You are immune to poison.
Your flesh is cold resistant.
You are immune to negative energy.
You are immune to unholy pain and torment.
You can survive without breathing.


   Skills:
 - Level 7.4 Fighting
 - Level 4.4 Dodging
 - Level 1.5 Stealth
 + Level 7.1 Unarmed Combat


You had 7 spell levels left.
You didn't know any spells.

Inventory:

Hand Weapons
 p - a cursed +0 scythe {!w}
Armour
 q - a +0 shield
Jewellery
 g - a ring of protection from fire (right hand)
 k - a ring of see invisible (left hand)
 l - an uncursed amulet of warding (quivered) {unknown}
 n - an uncursed amulet of faith {unknown}
 s - an uncursed amulet of resist corrosion {unknown}
Scrolls
 b - 2 scrolls of magic mapping
 c - a scroll of noise {!r}
 d - 3 scrolls of remove curse
 e - 2 scrolls of teleportation {@r4}
 f - 3 scrolls of amnesia
 h - a scroll of recharging {unknown}
 i - a scroll of enchant weapon {unknown}
 j - 2 scrolls of random uselessness
 m - 2 scrolls of blinking
 o - a scroll of fog {unknown}
 r - a scroll of enchant armour

Dungeon Overview and Level Annotations

Branches:
Dungeon (7/15)             Temple (1/1) D:4

Altars:
Ashenzari
Cheibriados
Dithmenos
Fedhas
Gozag
Makhleb
Nemelex Xobeh
Okawaru
Ru
Sif Muna
Trog
Vehumet
Xom
Yredelemnul
Zin
The Shining One

Shops:
D:5 :

Annotations:
D:5 Alipheese's ghost, novice NaFi
D:7 Prince Ribbit

♣♣.. ♣... ▒..≈
▒..≈ ▒..≈
.▒▒▒▒▒▒▒▒ ▒...
........▒ ▒.!
▒▒▒▒▒▒▒▒▒.▒▒▒▒▒▒▒.
▒MF..............▒
▒▒▒▒▒▒▒.......)..▒
▒..........▒
▒..........▒
▒.▒.▒▒▒▒▒▒▒▒ ▒.▒:▒
▒.▒.▒ ▒.▒.▒ ▒.▒


You could see Prince Ribbit.


Message History

The bat skeleton misses you! The bat skeleton hits you!
Prince Ribbit completely misses you! The bat skeleton hits you!
You climb downwards!
There is a stone staircase leading up here!
You take 1 damage, and have 55/67 hp!
Unknown command!
Prince Ribbit hits you!!! x2 * * * don't die
* * * You take 26 damage, and have 29/67 hp!
MASSIVE DAMAGE!!!!!!
You squash Prince Ribbit like an ant!
Prince Ribbit is lightly wounded!
Prince Ribbit hits you!!! * * * don't die
* * * You take 9 damage, and have 20/67 hp!
Prince Ribbit is lightly wounded!
Prince Ribbit hits you!!! * * * don't die
* * * You take 7 damage, and have 13/67 hp!
You beat Prince Ribbit into a bloody pulp!
Prince Ribbit is lightly wounded!
Prince Ribbit asks, "Just a little smooch?"
Prince Ribbit closely misses you!
Prince Ribbit is lightly wounded!
Prince Ribbit misses you! Prince Ribbit hits you! * * * don't die
* * * You take 5 damage, and have 8/67 hp!
You pummel Prince Ribbit like a punching bag!!!
Prince Ribbit is moderately wounded!
Prince Ribbit hits you!!! rip

Action                   |  1- 3 |  4- 6 |  7- 9 || total
-------------------------+-------+-------+-------++-------
Melee: Unarmed           |   236 |   415 |   329 ||   980
  Use: Scroll            |       |       |     9 ||     9
 Stab: Sleeping          |     4 |     2 |     6 ||    12

Vault maps used:
D:1:      evilmike_arrival_run_for_it
D:2:      nicolae_overflow_crystal_walls, uniq_sigmund
D:3:      minmay_misc_feat_encased, nicolae_ru_path_of_blood
D:4:      nicolae_overflow_quartered_altars, lemuel_doored_altar,
          kennysheep_mini_moat, minmay_temple_entry_junction2,
          serial_co_window_serial, co_window_paths_a, co_window_corner_a,
          co_window_paths_a, co_window_corner_a, co_window_corner_a,
          co_window_broadway_c, co_window_corner_ca, co_window_corner_cb,
          co_window_broadway_a, co_window_unsneaky_path_a, co_window_paths_c,
          co_window_paths_e, glass_columns_c, glass_columns_c, glass_columns_b,
          glass_columns_a
D:5:      lemuel_upstairs_altar, basic_altar, serial_shops,
          kennysheep_little_box, first_bread
D:6:      kennysheep_mini, lemuel_crystal_altar, kennysheep_vampire_church,
          basic_altar, uniq_prince_ribbit1
D:7:      elyvilon_altar_3
Temple:   jpeg_temple_alley_garden_8

Notes
Turn   | Place    | Note
--------------------------------------------------------------
     0 | D:1      | Rottenbandages the Mummy Monk began the quest for the Orb.
     0 | D:1      | Reached XP level 1. HP: 18/18 MP: 1/1
   370 | D:1      | Reached XP level 2. HP: 20/24 MP: 2/2
  1302 | D:1      | Reached skill level 4 in Unarmed Combat
  1762 | D:1      | Reached XP level 3. HP: 12/29 MP: 3/3
  2016 | D:2      | Found a shimmering altar of Xom.
  2572 | D:2      | Noticed Sigmund
  2622 | D:2      | HP: 1/29 [Sigmund/scythe (15)]
  3429 | D:3      | Reached XP level 4. HP: 16/35 MP: 4/4
  4435 | D:3      | Reached skill level 5 in Unarmed Combat
  5533 | D:4      | Reached XP level 5. HP: 39/41 MP: 5/5
  5549 | D:3      | Reached skill level 4 in Fighting
  6084 | D:3      | Found a sacrificial altar of Ru.
  6861 | D:4      | Reached skill level 5 in Fighting
  6861 | D:4      | Reached XP level 6. HP: 39/51 MP: 6/6
  7721 | D:4      | Found a sacrificial altar of Ru.
  7733 | D:4      | Found a glowing silver altar of Zin.
  7740 | D:4      | Found a deep blue altar of Sif Muna.
  7855 | D:4      | Found a staircase to the Ecumenical Temple.
  7871 | Temple   | Entered the Ecumenical Temple
  8256 | D:2      | Found a shimmering altar of Xom.
  9005 | D:1      | Reached skill level 3 in Dodging
 10863 | D:4      | Found a glowing golden altar of the Shining One.
 11157 | D:4      | Noticed a phantom
 11466 | D:3      | HP: 1/51 [phantom (8)]
 11966 | D:3      | Killed a phantom
 11966 | D:3      | Reached XP level 7. HP: 30/56 MP: 7/7
 12173 | D:4      | Reached skill level 6 in Unarmed Combat
 12447 | D:4      | Found a shadowy altar of Dithmenos.
 12578 | D:4      | Found a shattered altar of Ashenzari.
 12920 | D:5      | Entered Level 5 of the Dungeon
 13359 | D:5      | Reached skill level 6 in Fighting
 13568 | D:5      | Noticed Alipheese's ghost (novice NaFi)
 13931 | D:5      | Found a glowing golden altar of the Shining One.
 13971 | D:5      | Found Jaufap's Book Shop.
 14787 | D:5      | Reached XP level 8. HP: 49/65 MP: 8/8
 15543 | D:2      | Found a shimmering altar of Xom.
 15666 | D:2      | Killed Sigmund
 15666 | D:2      | Reached skill level 7 in Unarmed Combat
 17153 | D:6      | Reached skill level 4 in Dodging
 17817 | D:6      | Noticed a green ugly thing
 17823 | D:6      | Found an opulent altar of Gozag.
 18039 | D:6      | Reached skill level 7 in Fighting
 18424 | D:6      | Found a burning altar of Makhleb.
 18442 | D:6      | Noticed Prince Ribbit
 18892 | D:7      | Slain by Prince Ribbit

Vanquished Creatures
  Sigmund (D:2)
  A water moccasin (D:6)
  A phantom (D:3)
  2 centaurs
  A giant frog (D:6)
  2 scorpions
  4 orc priests
  A crimson imp (D:6)
  3 hounds
  2 iguanas
  2 jellies (D:5)
  3 orc wizards
  A centaur skeleton (D:4)
  7 worker ants
  A worker ant zombie (D:6)
  17 adders
  3 oozes
  An adder zombie (D:5)
  4 worms
  32 orcs
  5 bats
  5 giant cockroaches
  7 goblins
  12 hobgoblins
  10 kobolds
  8 quokkas
  6 giant geckos
  A giant gecko skeleton (D:4)
  A giant gecko zombie (D:5)
  4 giant newts (D:1)
  23 jackals
  4 quokka skeletons
  13 rats
188 creatures vanquished.
